 Dungeon Crawl Stone Soup version 0.28-a0-1389-gc726bef33b (webtiles) character file.

Game seed: 8137300552895562329

10615 Grim the Bludgeoner (level 11, 0/103 HPs)
             Began as a Minotaur Berserker on Jan 3, 2022.
             Was a Priest of Trog.
             Slain by an unseen horror (9 damage)
             ... on level 12 of the Dungeon.
             The game lasted 00:17:03 (15233 turns).

Grim the Bludgeoner (Minotaur Berserker)           Turns: 15233, Time: 00:17:04

Health: 0/103      AC: 19    Str: 22    XL:     11   Next: 38%
Magic:  10/10      EV:  8    Int:  8    God:    Trog [***...]
Gold:   561        SH:  0    Dex: 10    Spells: 10/10 levels left

rFire   + . .      SeeInvis .   y - +2 flail (protect)
rCold   . . .      Faith    +   (no shield)
rNeg    . . .      Spirit   .   C - +0 plate armour
rPois   .          Reflect  .   P - +1 hat
rElec   .          Harm     .   l - +0 cloak
rCorr   .          Rampage  .   (no gloves)
Will    ++...                   d - +0 pair of boots
Stlth   ..........              i - amulet of faith
HPRegen 1.27/turn               I - ring of protection from cold
MPRegen 0.12/turn               R - ring of fire

@: strong-willed, regenerating, hasted, very quick
A: horns 2, retaliatory headbutt
a: Renounce Religion, Berserk, Trog's Hand


You were on level 12 of the Dungeon.
You worshipped Trog.
Trog was most pleased with you.
You visited 1 branch of the dungeon, and saw 13 of its levels.

You collected 561 gold pieces.

Inventory:

Hand Weapons
 a - a +0 mace
 j - a +0 flail
 x - a +3 whip
 y - a +2 flail of protection (weapon)
 F - a +2 vorpal flail
 M - a +0 morningstar
Missiles
 t - 4 atropa-tipped darts (quivered)
 w - 18 poisoned darts
 A - 12 boomerangs
 L - 5 javelins
Armour
 d - a +0 pair of boots (worn)
 l - a +0 cloak (worn)
 C - a +0 plate armour (worn)
 G - +0 steam dragon scales
 H - +0 acid dragon scales
 P - a +1 hat (worn)
Jewellery
 i - an amulet of faith (around neck)
 I - a ring of protection from cold (left hand)
 Q - an amulet of reflection
 R - a ring of fire (right hand)
 X - a ring of willpower
Wands
 m - a wand of digging (10)
 D - a wand of paralysis (17)
 O - a wand of acid (2)
 S - a wand of flame (24)
 W - a wand of charming (5)
Scrolls
 e - 2 scrolls of noise {unknown}
 g - a scroll of teleportation {unknown}
 h - 3 scrolls of enchant weapon {unknown}
 k - a scroll of brand weapon {unknown}
 n - a scroll of vulnerability {unknown}
 r - 3 scrolls of fog
 u - a scroll of magic mapping
 B - 2 scrolls of blinking {unknown}
 E - 2 scrolls of enchant armour {unknown}
 K - 2 scrolls of fear {unknown}
 T - a scroll of amnesia {unknown}
 U - a scroll of immolation
 Y - a scroll of identify
Potions
 b - a potion of cancellation {unknown}
 c - a potion of haste
 f - 6 potions of curing
 o - a potion of invisibility
 p - 2 potions of flight
 q - a potion of mutation {unknown}
 s - 3 potions of might
 z - 2 potions of magic
 N - a potion of degeneration {unknown}
Miscellaneous
 J - a piece from Xom's chessboard (15/15)
 V - a box of beasts


   Skills:
 - Level 11.6 Fighting
 - Level 15.0 Maces & Flails
 + Level 1.1 Throwing
 - Level 11.3 Armour
 + Level 2.6 Dodging


You had 10 spell levels left.
You didn't know any spells.
Your spell library was empty.

Dungeon Overview and Level Annotations

Branches:
Dungeon (13/15)            Temple (0/1) D:4            Lair (0/6) D:11
    Orc: D:9-12      Vaults: D:13-14

Altars:
Cheibriados
Elyvilon
Gozag
Hepliaklqana
Nemelex Xobeh
Sif Muna
Wu Jian
Xom
Yredelemnul
Zin

Shops:
D:3 (   D:12 *

Portals:
Trove: D:10 (give 5 potions of resistance)


Innate Abilities, Weirdness & Mutations

You have a pair of horns on your head.
You reflexively headbutt those who attack you in melee.


Message History

The rakshasa is severely wounded.
Unknown command.
Your skin stops crawling.
You feel less strong-willed. The rakshasa gestures at you.
The lance of force hits you.
* * * LOW HITPOINT WARNING * * *
You are knocked back by the lance of force.
You slam into the rock wall!
The rakshasa blinks!
The rakshasa blinks!
You feel yourself speed up.
The rakshasa blinks!
The rakshasa blinks!
The rakshasa blinks!
Unknown command.
Your two-headed ogre goes berserk!
As you read the scroll labelled ZEMUIT YBAGAOB, it crumbles to dust.
The scroll dissolves into smoke.
It was a scroll of fog.
Your two-headed ogre misses the rakshasa.
Your two-headed ogre hits the rakshasa with a +0 giant spiked club!!!
The rakshasa dies!
The rakshasa shimmers and vanishes!
You recover from your berserk rage.
Your two-headed ogre rages.
There is a stone staircase leading up here.
You start resting.
A rakshasa is nearby!
A rakshasa is nearby!
You climb upwards.
Something hits you but does no damage.
Deactivating autopickup; reactivate with Ctrl-A.
There is a stone staircase leading down here.
You start resting.
Something hits you but does no damage. x2
You start resting.
Something hits you but does no damage.
You start resting.
Something hits you but does no damage. x2
You start resting.
Something hits you.
* * * LOW HITPOINT WARNING * * *
Your skin crawls.
You feel strong-willed.
You can no longer call in reinforcements.
Something hits you!
You die...

##################
#................#
#................######
#.......########@.....#
#.......#$.....#...####
#.......#......#...#
........#......#...#
......###......'...#
[.....#........#...#
....^.########.#...#
.............###...#
......(............#####


There were no monsters in sight!

Vanquished Creatures
  3 two-headed ogres
  A cyclops (D:10)
  An ugly thing (D:13)
  A gargoyle (D:12)
  A kobold demonologist (D:10)
  3 komodo dragons
  2 trolls
  Grinder (D:4)
  2 slime creatures (D:13)
  A shadow (D:6)
  Sigmund (D:6)
  3 wraiths
  A wyvern (D:9)
  A steam dragon (D:8)
  2 acid dragons
  Edmund (D:6)
  2 water moccasins
  Duvessa (D:6)
  A sky beast (D:7)
  2 ice beasts (D:8)
  4 orc warriors
  2 necrophages
  A black bear (D:4)
  5 centaurs
  A phantom (D:4)
  3 wolves (D:11)
  A kobold brigand (D:6)
  A scorpion (D:6)
  A wyvern skeleton (D:7)
  Dowan (D:6)
  4 killer bees (D:10)
  5 wights (D:10)
  4 howler monkeys
  3 electric eels (D:8)
  3 centaur zombies
  6 hounds
  4 centaur skeletons
  A gnoll shaman (D:9)
  2 orc priests
  2 jellies
  Crazy Yiuf (D:2)
  Jessica (D:2)
  Natasha (thrice) (D:2)
  4 iguanas
  8 orc wizards
  2 hound skeletons (D:5)
  Robin (D:3)
  6 adders
  7 gnolls
  2 white imps
  2 ufetubi (D:5)
  An adder skeleton (D:4)
  2 worms
  2 dart slugs
  31 orcs
  6 endoplasms
  6 giant cockroaches
  17 goblins
  11 hobgoblins
  4 jackals (D:2)
  13 kobolds
  3 quokkas
  8 ball pythons
  3 bats
  3 frilled lizards
  3 rats
235 creatures vanquished.

Vanquished Creatures (others)
  40 plants (D:8)
40 creatures vanquished.

Grand Total: 275 creatures vanquished

Notes
Turn   | Place    | Note
-------+----------+-------------------------------------------
     0 | D:1      | Grim the Minotaur Berserker began the quest for the Orb.
     0 | D:1      | Reached XP level 1. HP: 19/19 MP: 0/0
    70 | D:1      | Reached skill level 4 in Maces & Flails
   137 | D:1      | Reached XP level 2. HP: 20/26 MP: 1/1
   510 | D:1      | Reached skill level 5 in Maces & Flails
   510 | D:1      | Reached XP level 3. HP: 31/31 MP: 2/2
  1031 | D:2      | Noticed Jessica
  1038 | D:2      | Killed Jessica
  1039 | D:2      | Reached XP level 4. HP: 28/39 MP: 3/3
  1116 | D:2      | Reached skill level 6 in Maces & Flails
  1721 | D:2      | Reached ** piety under Trog
  2047 | D:2      | Reached XP level 5. HP: 45/45 MP: 4/4
  2076 | D:2      | Noticed Natasha
  2080 | D:2      | Killed Natasha
  2081 | D:2      | Reached skill level 7 in Maces & Flails
  2150 | D:2      | Noticed Natasha
  2157 | D:2      | Killed Natasha
  2219 | D:2      | Noticed Natasha
  2225 | D:2      | Killed Natasha
  2507 | D:2      | Found a runed translucent door.
  2508 | D:2      | Noticed Crazy Yiuf
  2529 | D:2      | Found a faded altar of an unknown god.
  2582 | D:2      | Killed Crazy Yiuf
  2583 | D:2      | Reached skill level 8 in Maces & Flails
  2796 | D:3      | Found Bonteenu's Weapon Shop.
  2796 | D:3      | Noticed Robin
  2816 | D:3      | Killed Robin
  2817 | D:3      | Reached XP level 6. HP: 51/51 MP: 5/5
  3231 | D:3      | Found a basalt altar of Yredelemnul.
  3294 | D:3      | Found a glowing silver altar of Zin.
  3490 | D:4      | Found a staircase to the Ecumenical Temple.
  3531 | D:4      | Noticed Grinder
  3532 | D:4      | Paralysed by Grinder for 3 turns
  3536 | D:4      | Paralysed by Grinder for 7 turns
  3546 | D:4      | Killed Grinder
  3547 | D:4      | Reached skill level 9 in Maces & Flails
  3687 | D:4      | Reached XP level 7. HP: 55/57 MP: 6/6
  3937 | D:4      | Reached skill level 10 in Maces & Flails
  4633 | D:4      | Reached *** piety under Trog
  4696 | D:4      | Found a hazy altar of Hepliaklqana.
  4700 | D:4      | Found a shimmering blue altar of Sif Muna.
  4704 | D:4      | Found an ornate altar of the Wu Jian Council.
  4761 | D:5      | Entered Level 5 of the Dungeon
  5127 | D:5      | Reached skill level 11 in Maces & Flails
  5399 | D:5      | Reached XP level 8. HP: 58/64 MP: 7/7
  5836 | D:5      | Reached skill level 12 in Maces & Flails
  6363 | D:6      | Found a white marble altar of Elyvilon.
  6368 | D:6      | Found a shimmering altar of Xom.
  6442 | D:6      | Noticed Duvessa
  6442 | D:6      | Noticed Dowan
  6450 | D:6      | Reached skill level 13 in Maces & Flails
  6458 | D:6      | Killed Duvessa
  6461 | D:6      | Killed Dowan
  6702 | D:6      | Reached skill level 14 in Maces & Flails
  6764 | D:6      | Noticed Edmund
  6783 | D:6      | Killed Edmund
  6784 | D:6      | Reached XP level 9. HP: 54/70 MP: 8/8
  7187 | D:6      | Noticed Sigmund
  7206 | D:6      | Killed Sigmund
  7602 | D:7      | Reached skill level 15 in Maces & Flails
  7900 | D:7      | Reached **** piety under Trog
  7992 | D:8      | Reached skill level 5 in Fighting
  8087 | D:8      | Reached skill level 5 in Armour
  8839 | D:8      | Noticed a komodo dragon
  8846 | D:8      | Killed a komodo dragon
  9015 | D:8      | Reached XP level 10. HP: 58/86 MP: 9/9
  9193 | D:8      | Found a snail-covered altar of Cheibriados.
 10320 | D:9      | Found an opulent altar of Gozag.
 10539 | D:9      | Noticed a two-headed ogre
 10545 | D:9      | Killed a two-headed ogre
 10617 | D:10     | Entered Level 10 of the Dungeon
 10652 | D:10     | Found a sparkling altar of Nemelex Xobeh.
 10677 | D:10     | Found a portal to a secret trove of treasure.
 10731 | D:10     | Noticed a two-headed ogre
 10740 | D:10     | Killed a two-headed ogre
 11098 | D:10     | Noticed a cyclops
 11105 | D:10     | Killed a cyclops
 11121 | D:10     | Reached skill level 10 in Fighting
 12020 | D:10     | Reached skill level 10 in Armour
 12086 | D:10     | HP: 2/94 [something (4)]
 12829 | D:11     | Reached XP level 11. HP: 86/101 MP: 10/10
 13029 | D:11     | Found a staircase to the Lair.
 13666 | D:11     | Noticed a two-headed ogre
 13673 | D:11     | Killed a two-headed ogre
 14246 | D:12     | Found Uschooll's Assorted Antiques.
 14929 | D:13     | Noticed a white ugly thing
 14940 | D:13     | Killed a white ugly thing
 15052 | D:13     | Reached skill level 1 in Throwing
 15172 | D:13     | Noticed a rakshasa
 15197 | D:13     | HP: 5/103 [rakshasa (illusionary)/lance of force (4)]
 15233 | D:12     | Slain by an unseen horror

Illustrated notes

Levels and vault maps discovered:
D:1:      minmay_arrival_semitransparent, layout_basic, serial_glass,
          glass_columns_a, glass_columns_b
D:2:      layout_basic, hellmonk_ecumenical_altar_arch_garden,
          kennysheep_generic_room_8, uniq_jessica, uniq_crazy_yiuf_cottage,
          uniq_natasha
D:3:      layout_basic, general_overflow_altar, zin_scriptorium, serial_shops,
          shop, uniq_robin
D:4:      layout_basic, grunt_temple_overflow_diamond,
          minmay_temple_entry_ruins, due_unseen_surprise, uniq_grinder
D:5:      layout_loops_ring, kennysheep_generic_room_9
D:6:      layout_loops_corners, mainiacjoe_overflow_divided_tiny,
          kennysheep_boxes, uniq_sigmund, uniq_duvessa, uniq_edmund
D:7:      layout_basic
D:8:      layout_basic, chei_slow_surprise, serial_bayou, serial_bayou_ford_a,
          serial_bayou_shore_a, serial_bayou_shore_b, serial_bayou_lagoon_a
D:9:      layout_rooms, old_standard_altar
D:10:     layout_roguey, lemuel_tele_altar, enter_trove_1
D:11:     layout_cave_pods, erik_lair_island
D:12:     layout_irregular_city, kennysheep_orc_monster_closet_entryway,
          serial_shops, nicolae_shop_overgrown_old_shop
D:13:     layout_long_grid

Skill      XL: |  1  2  3  4  5  6  7  8  9 10 11 |
---------------+----------------------------------+-----
Maces & Flails | 4 5 6 8 9 11 14 15 | 15.0
Fighting       | 7 10 11 | 11.6
Armour         | 6 10 11 | 11.3
Throwing       | 1 |  1.1
Dodging        | |  2.6

Action                   |  1- 3 |  4- 6 |  7- 9 | 10-12 || total
-------------------------+-------+-------+-------+-------++-------
Melee: Mace              |    41 |    38 |       |       ||    79
       Headbutt          |     9 |    18 |    48 |    58 ||   133
       Flail             |       |    75 |   263 |   309 ||   647
       Whip              |       |       |    50 |       ||    50
Invok: Berserk           |     1 |     3 |     7 |     7 ||    18
       Trog's Hand       |       |     1 |     2 |     2 ||     5
       Brothers in Arms  |       |       |       |     1 ||     1
  Use: Scroll            |       |       |     5 |     5 ||    10
       Potion            |       |       |       |     3 ||     3
 Stab: Sleeping          |     1 |     3 |       |       ||     4
Armor: Animal skin       |    10 |    35 |    57 |       ||   102
       Plate armour      |       |       |    43 |   267 ||   310
Dodge: Dodged            |    19 |    70 |   127 |    83 ||   299

Table legend: (Time is in decaauts)
 A = Elapsed time spent in this place.
 B = Non-inter-level travel time spent in this place.
 C = Inter-level travel time spent in this place.
 D = Time resting spent in this place.
 E = Time spent auto-exploring this place.
 F = Levels seen in this place.
 G = Mean time per level.
                   A        B        C        D        E       F      G
               +--------+--------+--------+--------+--------+-----+--------+
         Total |  15280 |  14992 |    288 |   5688 |   7547 |  13 | 1175.4 |
       Dungeon |  15280 |  14992 |    288 |   5688 |   7547 |  13 | 1175.4 |
               +--------+--------+--------+--------+--------+-----+--------+

Top non-repeatable levels by time:
     D:8: 1766 daAuts
     D:2: 1765 daAuts
     D:6: 1586 daAuts
    D:10: 1529 daAuts
     D:4: 1336 daAuts
     D:9: 1315 daAuts
    D:11: 1241 daAuts
     D:5: 1189 daAuts
     D:1: 891 daAuts
     D:3: 815 daAuts
     D:7: 677 daAuts
    D:12: 593 daAuts
    D:13: 572 daAuts
